← All builds
Suicide front / Armada / Factory first / OBSERVED BUILD

Standard suicide front

Armada Suicide front build order · Supreme Isthmus

The role's baseline: Bot Lab at 0:21 then straight into reclaim-fed T1 bot production to contest the middle and hold until T2 arrives, with an Advanced Metal Extractor around 9:45.

#rush · 2247 distinct matches · 261 players · 72% of Armada Suicide front games · team won 59% of 2637 · Recently observed

HOW TO PLAY IT

Key timing: Bot Lab by 0:20

  1. Open with mex and lab-first to get Bot Lab up by 0:20.
  2. Expand mex and wind while lab pumps units toward middle.
  3. Push Sentry and early Rocketeer, Centurion to contest middle.
  4. Get T2 constructor out once Pond's boost lets you spare metal.
  5. Upgrade mex to Advanced Metal Extractor as you transition off T1 spam.

Phase by phase

TYPICAL OF ITS 2247 GAMES
  1. 1
  2. 2
  3. 3
PLAY THE OPENING

Follow the example game's first 6:00 step by step: what to build now, what comes next, and where it goes. At 1× it keeps pace with your own game.

  1. 1

    Bot Lab first

    Order
    1. Bot LabBot Lab done ~0:26, middle half 0:20–0:33

    Some games also: mex (47%)

  2. 2

    Bot Lab to 5:00

    Economy
    • Metal Extractor5Mex
    • Wind Turbine4Wind
    Builders
    • Construction Bot3 Con bot
    • Lazarus2 Lazarus
    Army
    • Sentry4 Sentry
    • Rocketeer16 Rocketeer
    • Tick2 Tick
    • Centurion1 Centurion
    Other
    • Radar Tower1 Radar Tower

    Some games also: pawn (39%) · con turret (34%)

    By 5:00 in all: 5 mex · 4 wind

    The example game in this phase · 34 steps
    1. Mex
    2. TickTick
    3. Construction BotCon bot
    4. Wind ×2
    5. Construction BotCon bot
    6. SentrySentry
    7. CenturionCenturion
    8. Mex ×2
    9. SentrySentry
    10. Radar TowerRadar Tower
    11. Construction BotCon bot
    12. Mex
    13. Wind
    14. LazarusLazarus
    15. SentrySentry
    16. CenturionCenturion
    17. Energy storage
    18. Mex
    19. SentrySentry
    20. RocketeerRocketeer ×2
    21. SentrySentry
    22. RocketeerRocketeer ×4
    23. SentrySentry
    24. RocketeerRocketeer
    25. SentrySentry
    26. RocketeerRocketeer
    27. SentrySentry
    28. RocketeerRocketeer
    29. SentrySentry
    30. RocketeerRocketeer
    31. LazarusLazarus
    32. RocketeerRocketeer ×4
    33. Radar TowerRadar Tower
    34. RocketeerRocketeer ×3
  3. 3

    5:00 to 10:00

    Economy
    • Metal Extractor1Mex
    • Wind Turbine15Wind
    Builders
    • Construction Turret2 Con turret
    • Lazarus2 Lazarus
    • Construction Bot1 Con bot
    Army
    • Sentry1 Sentry
    • Rocketeer8 Rocketeer

    Some games also: pawn (48%) · Radar Tower (46%) · centurion (44%) · tick (43%) · energy storage (42%) · eat Bot Lab (31%)

    By 10:00 in all: 6 mex · 21 wind · 1 energy storage · 2 con turret

    The example game in this phase · 138 steps
    1. RocketeerRocketeer ×3
    2. LazarusLazarus
    3. SentrySentry
    4. RocketeerRocketeer
    5. Con turret
    6. Wind
    7. RocketeerRocketeer ×2
    8. Wind
    9. CenturionCenturion
    10. SentrySentry
    11. CenturionCenturion
    12. Wind
    13. RocketeerRocketeer
    14. Wind
    15. SentrySentry ×2
    16. RocketeerRocketeer
    17. SentrySentry ×2
    18. Wind
    19. RocketeerRocketeer
    20. Wind
    21. Con turret
    22. RocketeerRocketeer ×2
    23. Wind
    24. RocketeerRocketeer
    25. Con turret
    26. Wind
    27. RocketeerRocketeer
    28. Wind
    29. LazarusLazarus
    30. RocketeerRocketeer
    31. Wind
    32. RocketeerRocketeer
    33. Wind
    34. RocketeerRocketeer
    35. Wind
    36. RocketeerRocketeer
    37. Wind
    38. RocketeerRocketeer
    39. Wind
    40. RocketeerRocketeer
    41. Sneaky PeteSneaky Pete
    42. RocketeerRocketeer
    43. Wind
    44. Sneaky PeteSneaky Pete
    45. RocketeerRocketeer
    46. Wind
    47. RocketeerRocketeer
    48. Wind
    49. RocketeerRocketeer
    50. Con turret
    51. LazarusLazarus
    52. RocketeerRocketeer
    53. Converter
    54. RocketeerRocketeer
    55. Converter
    56. RocketeerRocketeer
    57. Converter
    58. Wind
    59. RocketeerRocketeer
    60. Converter
    61. Wind
    62. RocketeerRocketeer
    63. Converter
    64. RocketeerRocketeer
    65. Wind
    66. RocketeerRocketeer
    67. Con turret
    68. Wind
    69. RocketeerRocketeer
    70. Wind
    71. Converter
    72. RocketeerRocketeer
    73. Wind
    74. Advanced Metal ExtractorT2 mexdone 10:59
    75. RocketeerRocketeer
    76. Con turret
    77. Converter
    78. Wind
    79. TickTick
    80. Wind
    81. Construction BotCon bot
    82. Converter
    83. Wind
    84. PawnPawn
    85. Advanced Metal ExtractorT2 mex
    86. Wind
    87. PawnPawn
    88. Construction BotCon bot
    89. Advanced Metal ExtractorT2 mex
    90. Construction BotCon bot
    91. Advanced Metal ExtractorT2 mex
    92. Construction BotCon bot ×3
    93. PawnPawn ×6
    94. Con turret
    95. PawnPawn ×6
    96. Con turret
    97. PawnPawn ×4
    98. Advanced Metal ExtractorT2 mex
    99. PawnPawn ×2
    100. Con turret
    101. PawnPawn ×3
    102. Con turret
    103. PawnPawn ×4
    104. Wind ×2
    105. PawnPawn
    106. PlutoPluto
    107. Wind
    108. PawnPawn
    109. Wind ×2
    110. PawnPawn
    111. Wind ×2
    112. PawnPawn
    113. Wind ×2
    114. PawnPawn
    115. Wind
    116. PawnPawn
    117. Converter
    118. PawnPawn
    119. Wind
    120. PawnPawn
    121. Wind
    122. PawnPawn
    123. Wind
    124. PawnPawn
    125. Converter
    126. Wind
    127. LazarusLazarus
    128. Wind ×2
    129. LazarusLazarus
    130. Wind ×3
    131. LazarusLazarus
    132. Wind ×2
    133. LazarusLazarus
    134. Wind
    135. LazarusLazarus
    136. Converter
    137. Wind ×2
    138. PawnPawn

Counts are medians over the build's games: half of them build more, half fewer. The example game is TrapCaT's (42 OS, 15/10/2026); pick another.

Team trades

IN AT LEAST 30% OF ITS GAMES

You hand over

Nothing regular.

You get

  • Tidal Generator4 Tidal from Pondfirst at 0:11 · in 68% of games
  • Advanced Construction Bot1 T2 con bot from Geo or Techfirst at 7:45 · in 57% of games

How it plays out

Typical game of this build, running totals by minute

Metal produced

010k20k
0:005:0010:0015:00

metal

Enemy metal destroyed

05k10k
0:005:0010:0015:00

metal

Own metal lost

05k10k
0:005:0010:0015:00

metal

2637 games.

Show as table
ByMetal produced: This buildEnemy metal destroyed: This buildOwn metal lost: This build
1:0023000
2:0088700
3:002006193130
4:003105647502
5:0041861358990
6:00535222041677
7:00654530812550
8:00775239633443
9:00903447304337
10:001040053465120
11:001185058925902
12:001353664446635
13:001533969227401
14:001720575528183
15:001915081918947
WHAT THE NUMBERS SAY

Standard Suicide front play wins a bit over half its games while taking the heaviest own losses of any role by 15:00.

  • + Produces 20142 metal by 15:00, highest of the front roles.
  • + First kill by 2:01 in all games, fastest contest of middle.
  • − Own metal lost hits 9178 by 15:00, more than enemy metal destroyed.
  • − Only 34% Rocketeer share shows army spread thin across many bot types.
THE EXAMPLE YOU ARE READING

TrapCaT

42.3 OS · 15/10/2026

Open source match ↗

5 received units · includes a constructor
149 metal received · 54512 energy received

Allied construction assistance is unknown. Timings are observations, not a promise of solo reproducibility.

Typical milestones

Bot Lab0:26Middle 50%: 0:20–0:33 · n=2628
Advanced Metal Extractor9:49Middle 50%: 8:52–11:00 · n=1889

Played most by

_X_265games of this buildPlatinumBlonde188games of this buildXad165games of this buildTrapCaT113games of this buildSoliloqueur81games of this build
Standard suicide front · Armada Suicide front build order · BAR Build Atlas